Unix NetHack Version 3.7.0-86 Work-in-progress - last build May 30 2023 01:50:43 (cc98dc9aa62a9957b082a042edf5bd7ec9f632c7,branch:master). Game began 2023-06-03 17:34:15, ended 2023-06-04 07:39:40. spline, neutral male human Tourist --- |.--- ..).--- ...@.<| G...| Spline the Rambler St:12 Dx:11 Co:10 In:15 Wi:11 Ch:18 Neutral Dlvl:3 $:944 HP:0(10) Pw:2(2) AC:8 Xp:1/10 T:988 Hungry Latest messages: Morris bites the jackal. The jackal is killed! You kill the jackal! Morris eats a jackal corpse. You swap places with Morris. This door is locked. Unlock it with your credit card? [ynq] (q) y You succeed in picking the lock. The door opens. You hit the jackal. The jackal bites! You kill the jackal! You swap places with Morris. You see here an empty unlocked chest. What do you want to read? As you read the scroll, it disappears. Your crested helmet glows silver for a moment. What do you want to read? As you read the scroll, it disappears. You materialize in a different location! Where do you want to travel to? (For instructions type a '?') You descend the stairs. You climb up the stairs. There is an arrow trap here. You escape an arrow trap. You miss the grid bug. The grid bug bites! You get zapped! You miss the grid bug. The grid bug bites! You get zapped! You miss the grid bug. The grid bug bites! You get zapped! You kill the grid bug! You are beginning to feel hungry. You descend the stairs. You hear a chugging sound. You are hit by a crossbow bolt. You are hit by a crossbow bolt. You see here a crossbow bolt. The gnome swings her crossbow. The gnome hits! You die... Do you want your possessions identified? [ynq] (y) n Do you want to see your attributes? [ynq] (y) n Do you want an account of creatures vanquished? [ynaq] (y) n Do you want to see your conduct and achievements? [ynq] (y) n Do you want to see the dungeon overview? [ynq] (y) n Inventory: Coins $ - 944 gold pieces Weapons a - 25 +2 darts (at the ready) s - a cursed +1 elven dagger (weapon in hand) Armor k - an uncursed +1 helm of caution (being worn) h - an uncursed +0 Hawaiian shirt with a hibiscus flower motif (being worn) Comestibles p - an uncursed eucalyptus leaf b - 6 uncursed food rations c - 2 uncursed tripe rations t - an uncursed tripe ration d - an uncursed tin of dried lichen e - 3 uncursed eggs Scrolls g - 4 uncursed scrolls of magic mapping m - an uncursed scroll of teleportation Potions f - 2 uncursed potions of extra healing n - an uncursed potion of gain ability Rings q - a cursed ring of aggravate monster Tools j - an uncursed credit card i - an expensive camera (0:33) l - an uncursed tin whistle Spline the Tourist's attributes: Background: You were a Rambler, a level 1 male human Tourist. You were neutral, on a mission for The Lady who was opposed by Blind Io (lawful) and Offler (chaotic). You were in the Gnomish Mines, on level 3. You entered the dungeon 988 turns ago. There was a full moon in effect when your adventure ended. You had 10 experience points, 10 more were needed to attain level 2. Basics: You had 0 out of 10 hit points. You had both energy points (spell power). Your armor class was 8. Your wallet contained 944 zorkmids. Autopickup was off. Final Characteristics: Your strength was 12 (limit:18/100). Your dexterity was 11 (limit:18). Your constitution was 10 (limit:18). Your intelligence was 15 (limit:18). Your wisdom was 11 (limit:18). Your charisma was 18 (limit:18). Final Status: You were hungry. You were unencumbered. You were wielding a dagger. You were unskilled in dagger. Final Attributes: You were nominally aligned. You were warned. You were lucky. You are dead. Miscellaneous: You never encountered a bones level. Total elapsed playing time was 17 minutes and 51 seconds. Major events: Turn 1: spline the neutral male human Tourist entered the dungeon 917: entered the Gnomish Mines 988: killed by a gnome Vanquished creatures: 9 jackals a fox 3 goblins a grid bug 3 lichens a kobold zombie a newt 19 creatures vanquished. No species were genocided or became extinct. Voluntary challenges: You were an atheist. You read items or engraved 2 times. You never engraved Elbereth. You never genocided any monsters. You never polymorphed an object. You never changed form. You used no wishes. Achievement: You entered the Gnomish Mines. The Dungeons of Doom: levels 1 to 2 Level 1: A fountain. Level 2: A fountain, a grave. Stairs down to The Gnomish Mines. The Gnomish Mines: Level 3: <- You were here. Final resting place for you, killed by a gnome. Game over: ---------- / \ / REST \ / IN \ / PEACE \ / \ | spline | | 944 Au | | killed by a | | gnome | | | | | | 2023 | *| * * * | * _________)/\\_//(\/(/\)/\//\/|_)_______ Aloha spline the Tourist... You died in The Gnomish Mines on dungeon level 3 with 187 points, and 944 pieces of gold, after 988 moves. You were level 1 with a maximum of 10 hit points when you died.